 Dungeon Sprint DCSS version 0.29.1-2-gbd0b4ee654 (webtiles) character file.

Game seed: 15946675330925350883

1355 Groucho the Unseen (level 8, 0/32 HPs)
             Began as a Spriggan Enchanter on Nov 22, 2022.
             Was a Priest of Dithmenos.
             Slain by a two-headed ogre
             ... wielding a +0 giant club
              (22 damage)
             ... in the Dungeon (Sprint III: "The Ten Rune Challenge").
             The game lasted 00:03:09 (440 turns).

Groucho the Unseen (Spriggan Enchanter)              Turns: 440, Time: 00:03:11

Health: 0/32       AC:  5    Str:  6    XL:     8   Next: 37%
Magic:  20/26      EV: 17    Int: 16    God:    Dithmenos [***...]
Gold:   14         SH:  0    Dex: 16    Spells: 26/34 levels left

rFire   . . .      SeeInvis +   a - +1 dagger
rCold   . . .      Faith    .   (no shield)
rNeg    . . .      Spirit   .   b - +0 robe
rPois   .          Reflect  .   (helmet restricted)
rElec   .          Harm     .   j - +2 cloak {Stlth+}
rCorr   .          Rampage  .   (gloves unavailable)
Will    +....      NoTele   +   (boots unavailable)
Stlth   +++++++++.              (no amulet)
HPRegen 0.10/turn               (no ring)
MPRegen 0.20/turn               (no ring)

@: wreathed by umbra, very quick
A: very small, no large weapons, unfitting armour, see invisible, speed 3, frail
1
a: Renounce Religion, Shadow Step


You were in the Dungeon.
You worshipped Dithmenos.
Dithmenos was most pleased with you.
You visited 1 branch You collected 14 gold pieces.

Inventory:

Hand Weapons
 a - a +1 dagger (weapon)
Armour
 b - a +0 robe (worn)
 j - a +2 cloak of stealth (worn)
Wands
 f - a wand of light (6)
Scrolls
 i - a scroll of blinking
 k - a scroll of torment {unknown}
 l - 4 scrolls of identify
 n - a scroll of immolation {unknown}
Potions
 c - a potion of invisibility
 d - 2 potions of curing
 e - a potion of heal wounds
 g - 3 potions of magic
 h - a potion of berserk rage
 o - a potion of flight {unknown}


   Skills:
 - Level 1.1 Short Blades
 - Level 2.6 Dodging
 - Level 15.0 Stealth
 + Level 13.6 Spellcasting
 + Level 14.0 Hexes


You had 26 spell levels left.
You knew the following spells:

 Your Spells              Type           Power      Damage    Failure   Level
a - Ensorcelled Hibernat  Hex/Ice        66%        N/A       1%          2
b - Confusing Touch       Hex            54%        N/A       1%          3
c - Dazzling Flash        Conj/Hex       66%        N/A       1%          3

Your spell library contained the following spells:

 Spells                   Type           Power      Damage    Failure   Level
 Tukima's Dance           Hex            54%        N/A       1%          3


Dungeon Overview and Level Annotations

Branches:
Dungeon (1/1)

Altars:
Dithmenos
Elyvilon
Kikubaaqudgha
Okawaru
Ru
Sif Muna
Trog
Uskayaw
Vehumet
Wu Jian
Yredelemnul
Zin
The Shining One


Innate Abilities, Weirdness & Mutations

You are very small and have problems with some larger weapons.
You are too small for most types of armour.
You have supernaturally acute eyesight. (SInv)
You cover ground extremely quickly. (Speed+++)
You are frail. (-10% HP)


Message History

The helpless jelly fails to defend itself.
You perforate the jelly like a sieve!!!
You kill the jelly!
Dithmenos accepts your kill.
Your Spellcasting skill increases to level 13!
You feel yourself slow down.
You open the door.
There is an open door here. 2 two-headed ogres come into view.
The helpless two-headed ogre fails to defend itself.
You stick the two-headed ogre like a pincushion!!!
You kill the two-headed ogre!
Dithmenos accepts your kill.
Things that are here:
a +0 giant club; a +0 giant spiked club The helpless two-headed ogre fails to defend itself.
You perforate the two-headed ogre like a sieve!!!
You kill the two-headed ogre!
Dithmenos accepts your kill.
You flicker for a moment.
Things that are here:
a +0 giant club; a +0 giant spiked club A two-headed ogre comes into view.
It is wielding a +0 giant club and a +0 giant spiked club.
The helpless two-headed ogre fails to defend itself.
You perforate the two-headed ogre like a sieve!!!
You kill the two-headed ogre!
Dithmenos accepts your kill.
You will now sometimes bleed smoke when heavily injured by enemies.
Your Hexes skill increases to level 14!
Unknown command.
Unknown command.
A two-headed ogre comes into view.
It is wielding a +0 giant club and a +0 giant spiked club.
The helpless two-headed ogre fails to defend itself.
You stick the two-headed ogre like a pincushion!!!
The two-headed ogre is almost dead.
You flicker back into view.
The two-headed ogre closely misses you.
The two-headed ogre hits you with a +0 giant spiked club!!
Ouch! That really hurt!
You die...

___#__# __!#†_#
'###'## ......#
......# #####'#
#...#+##############
#...#....#)#)#O....#
#...##.#.)#.##@#
#...'##.#.#.##.#
+...#...#..#..##
▓▓▓▓▓▓▓▓▓▓▓▓▓▓▓


You could see a two-headed ogre.

Vanquished Creatures
  A deep elf pyromancer (D)
  A shadow (D)
  3 two-headed ogres (D)
  A necrophage (D)
  A water elemental (D)
  A jelly (D)
  Crazy Yiuf (D)
  A wizard (D)
  Jessica (D)
  A necromancer (D)
  3 humans (D)
  A kobold demonologist (D)
  An endoplasm (D)
  2 rats (D)
19 creatures vanquished.

Notes
Turn   | Place    | Note
-------+----------+-------------------------------------------
     0 | D        | Groucho the Spriggan Enchanter began the quest for the Orb.
     0 | D        | Reached XP level 1. HP: 9/9 MP: 5/5
    13 | D        | Reached skill level 5 in Stealth
    18 | D        | Noticed Jessica
    22 | D        | Killed Jessica
    23 | D        | Reached skill level 7 in Stealth
    23 | D        | Reached skill level 5 in Hexes
    23 | D        | Reached XP level 2. HP: 13/13 MP: 6/8
    26 | D        | Reached skill level 8 in Stealth
    26 | D        | Reached XP level 3. HP: 16/16 MP: 6/9
    29 | D        | Learned a level 2 spell: Ensorcelled Hibernation
    33 | D        | Learned a level 3 spell: Confusing Touch
    37 | D        | Learned a level 3 spell: Dazzling Flash
   305 | D        | Noticed Crazy Yiuf
   310 | D        | Killed Crazy Yiuf
   311 | D        | Reached skill level 9 in Stealth
   311 | D        | Reached skill level 5 in Spellcasting
   311 | D        | Reached XP level 4. HP: 21/21 MP: 12/12
   335 | D        | Gained mutation: You are clumsy. (Dex -2) [potion of
                  | mutation]
   336 | D        | Lost mutation: You are clumsy. (Dex -2) [potion of
                  | mutation]
   336 | D        | Gained mutation: Your movements are slightly less
                  | encumbered by armour. (ER -2) [potion of mutation]
   336 | D        | Gained mutation: You are somewhat resistant to further
                  | mutation. [potion of mutation]
   337 | D        | Lost mutation: You are somewhat resistant to further
                  | mutation. [potion of mutation]
   337 | D        | Lost mutation: Your movements are slightly less encumbered
                  | by armour. (ER -2) [potion of mutation]
   337 | D        | Gained mutation: You expend magic power (3 MP) to
                  | strengthen your wands. [potion of mutation]
   337 | D        | Gained mutation: You are partially covered in large bone
                  | plates. (SH +4) [potion of mutation]
   338 | D        | Lost mutation: You expend magic power (3 MP) to strengthen
                  | your wands. [potion of mutation]
   338 | D        | Lost mutation: You are partially covered in large bone
                  | plates. (SH +4) [potion of mutation]
   338 | D        | Gained mutation: You are agile. (Dex +4, Str/Int -1)
                  | [potion of mutation]
   338 | D        | Gained mutation: Your flesh is cold resistant. (rC+)
                  | [potion of mutation]
   339 | D        | Lost mutation: You are agile. (Dex +4, Str/Int -1) [potion
                  | of mutation]
   339 | D        | Lost mutation: Your flesh is cold resistant. (rC+) [potion
                  | of mutation]
   339 | D        | Gained mutation: You are frail. (-10% HP) [potion of
                  | mutation]
   346 | D        | Noticed a water elemental
   349 | D        | Killed a water elemental
   350 | D        | Reached skill level 11 in Stealth
   359 | D        | Found a shadowy altar of Dithmenos.
   359 | D        | Noticed a necrophage
   360 | D        | Found a basalt altar of Yredelemnul.
   360 | D        | Found a sacrificial altar of Ru.
   365 | D        | Killed a necrophage
   366 | D        | Reached skill level 13 in Stealth
   366 | D        | Reached XP level 5. HP: 21/21 MP: 13/15
   373 | D        | Became a worshipper of Dithmenos the Shadowed
   380 | D        | Found a hide-covered altar of Uskayaw.
   380 | D        | Found an iron altar of Okawaru.
   381 | D        | Found a bloodstained altar of Trog.
   381 | D        | Found an ornate altar of the Wu Jian Council.
   381 | D        | Noticed a human
   381 | D        | Noticed a human
   383 | D        | Killed a human
   384 | D        | Reached skill level 15 in Stealth
   384 | D        | Reached XP level 6. HP: 14/25 MP: 14/18
   384 | D        | Killed a human
   385 | D        | Reached skill level 10 in Hexes
   387 | D        | Found a glowing silver altar of Zin.
   387 | D        | Found a glowing golden altar of the Shining One.
   387 | D        | Found a white marble altar of Elyvilon.
   387 | D        | Noticed a deep elf pyromancer
   390 | D        | Killed a deep elf pyromancer
   390 | D        | Reached * piety under Dithmenos
   391 | D        | Reached XP level 7. HP: 17/28 MP: 14/23
   397 | D        | Found a radiant altar of Vehumet.
   397 | D        | Found a shimmering blue altar of Sif Muna.
   397 | D        | Found an ancient bone altar of Kikubaaqudgha.
   414 | D        | Noticed a shadow
   416 | D        | Killed a shadow
   416 | D        | Reached ** piety under Dithmenos
   417 | D        | Reached XP level 8. HP: 20/32 MP: 17/25
   434 | D        | Reached *** piety under Dithmenos
   437 | D        | Noticed a two-headed ogre
   440 | D        | Slain by a two-headed ogre

Illustrated notes

Levels and vault maps discovered:
D:        dungeon_sprint_mu [sprint_mu_entry_cave, sprint_mu_temple_rooms,
          sprint_mu_d1_spiders, sprint_mu_d2_genie, sprint_mu_d3_branching,
          sprint_mu_orc_legion, sprint_mu_elf_gauntlet, sprint_mu_hive_nellie,
          sprint_mu_lair_fedhas, sprint_mu_vaults_butterflies,
          sprint_mu_slime_circle, sprint_mu_swamp_cave, sprint_mu_shoals_archi,
          sprint_mu_blade_basic, sprint_mu_crypt_chambers,
          sprint_mu_tomb_spiral, sprint_mu_vestibule_basic,
          sprint_mu_gehenna_hellfire, sprint_mu_dis_giant,
          sprint_mu_tartarus_statrot, sprint_mu_cocytus_islands, sprint_mu_zot1]

Skill      XL: |  1  2  3  4  5  6  7  8 |
---------------+-------------------------+-----
Stealth        | 7 8 9 13 15 | 15.0
Spellcasting   | 4 5 7 8 12 13 | 13.6
Hexes          | 5 6 7 9 12 13 14 | 14.0
Short Blades   | |  1.1
Dodging        | |  2.6

Action                   |  1- 3 |  4- 6 |  7- 9 || total
-------------------------+-------+-------+-------++-------
Melee: Dagger            |     6 |    13 |     8 ||    27
 Cast: Ensorcelled Hiber |     5 |       |       ||     5
  Use: Potion            |       |     7 |       ||     7
 Stab: Sleeping          |     5 |     4 |     8 ||    17
       Invisible         |       |     3 |       ||     3
Armor: Robe              |       |     3 |       ||     3
Dodge: Dodged            |     1 |     4 |     1 ||     6
